 Dungeon Crawl Stone Soup version 0.28-a0-1518-gbe868bca14 (webtiles) character file.

Game seed: 2664479421655328288

28 knot the Chopper (level 3, 12/29 HPs)
             Began as a Demonspawn Berserker on Jan 16, 2022.
             Was a Follower of Trog.
             Quit the game on level 2 of the Dungeon.
             The game lasted 00:00:40 (1096 turns).

knot the Chopper (Demonspawn Berserker)             Turns: 1096, Time: 00:00:41

Health: 12/29      AC:  2    Str: 17    XL:     3   Next: 0%
Magic:  3/3        EV: 14    Int: 10    God:    Trog [*.....]
Gold:   69         SH:  0    Dex: 12    Spells: 2/2 levels left

rFire   . . .      SeeInvis .   a - +0 hand axe
rCold   . . .      Faith    .   (no shield)
rNeg    . . .      Spirit   .   b - +0 animal skin
rPois   .          Reflect  .   (no helmet)
rElec   .          Harm     .   (no cloak)
rCorr   .          Rampage  .   (no gloves)
Will    .....                   (no boots)
Stlth   +.........              (no amulet)
HPRegen 0.09/turn               (no ring)
MPRegen 0.08/turn               (no ring)

@: no status effects
A: claws 1, repulsion field 1
a: Renounce Religion, Berserk


You were on level 2 of the Dungeon.
You worshipped Trog.
Trog was aware of your devotion.
You visited 1 branch of the dungeon, and saw 2 of its levels.

You collected 69 gold pieces.

Inventory:

Hand Weapons
 a - a +0 hand axe (weapon)
Missiles
 c - 14 sling bullets
 e - 27 stones (quivered)
Armour
 b - a +0 animal skin (worn)
Scrolls
 d - a scroll of noise {unknown}


   Skills:
 - Level 3.0 Fighting
 + Level 3.8 Axes
 - Level 1.7 Armour
 - Level 1.7 Dodging


You had 2 spell levels left.
You didn't know any spells.
Your spell library was empty.

Dungeon Overview and Level Annotations

Branches:
Dungeon (1/15)

Altars:


Innate Abilities, Weirdness & Mutations

You have sharp fingernails.
You are surrounded by a mild repulsion field. (EV +2)


Message History

The jackal splashes around in the water.
The jackal misses you.
You see here a ball python corpse.
You hit the jackal.
The jackal is heavily wounded.
You hit the jackal.
You kill the jackal!
Trog accepts your kill.
You completely miss the jackal. The jackal misses you. The jackal bites you. x2
You barely miss the jackal.
The jackal is heavily wounded.
You completely miss the jackal. The jackal bites you.
The jackal bites you but does no damage.
The jackal bites you.
Your unstable footing causes you to fumble your attack.
The jackal splashes around in the water.
The jackal barely misses you.
The jackal splashes around in the water.
The jackal bites you but does no damage.
Your unstable footing causes you to fumble your attack.
The jackal bites you. The jackal completely misses you.
The jackal barely misses you.
Unknown command.
The jackal bites you.
You are too injured to fight recklessly!
You are too injured to fight recklessly!
You are too injured to fight recklessly!
You are too injured to fight recklessly!
You slash the jackal!
You kill the jackal!
Trog accepts your kill.
You hit the jackal.
You kill the jackal!
Trog accepts your kill.
You have reached level 3!
Your experience leads to an increase in your attributes!
Increase (S)trength, (I)ntelligence, or (D)exterity?
You feel clever. x2; Your demonic ancestry asserts itself...
You begin to radiate repulsive energy.
Are you sure you want to abandon this character and quit the game? (Confirm with "yes".)

.# .##
#######..####
#............
#...........
#........≈≈.
##.......≈!.≈
#≈..@†≈..≈..≈
#≈≈..†††≈..≈..
#≈≈..≈..≈⌠.≈..
#≈≈...≈.⌠≈..≈.
#≈≈≈..≈..≈..≈.
##≈≈≈..≈..≈≈$.
##.≈..≈......
#..≈≈.......


There were no monsters in sight!

Vanquished Creatures
  4 ball pythons
  3 bats (D:1)
  2 endoplasms
  A giant cockroach (D:1)
  3 hobgoblins (D:1)
  3 jackals (D:2)
  A frilled lizard (D:1)
  4 goblins (D:1)
  3 kobolds (D:1)
  A rat (D:2)
25 creatures vanquished.

Vanquished Creatures (others)
  A withered plant (D:1)
1 creature vanquished.

Grand Total: 26 creatures vanquished

Notes
Turn   | Place    | Note
-------+----------+-------------------------------------------
     0 | D:1      | knot the Demonspawn Berserker began the quest for the Orb.
     0 | D:1      | Reached XP level 1. HP: 18/18 MP: 1/1
   475 | D:1      | Gained mutation: You have sharp fingernails. [demonic
                  | ancestry]
   475 | D:1      | Reached XP level 2. HP: 22/24 MP: 2/2
   766 | D:1      | Found a faded altar of an unknown god.
  1082 | D:1      | You fall into a shaft and drop 1 floor!
  1096 | D:2      | Gained mutation: You are surrounded by a mild repulsion
                  | field. (EV +2) [demonic ancestry]
  1096 | D:2      | Reached XP level 3. HP: 12/29 MP: 3/3
  1096 | D:2      | Quit the game

Illustrated notes

Levels and vault maps discovered:
D:1:      minmay_arrival_widening_spiral_narrow, layout_basic,
          shapermc_ecumenical_altar_flowoftime, chequers_mini_garden
D:2:      cheibrodos_helix_gallery, layout_loops_cross, basic_altar,
          amcnicky_mini_rare_corridor_liquid

Skill      XL: |  1 |
---------------+----+-----
Axes           | 3 |  3.8
Fighting       | |  3.0
Armour         | |  1.7
Dodging        | |  1.7

Action                   || total
-------------------------++-------
Melee: Hand axe          ||    73
 Stab: Sleeping          ||     1
Armor: Animal skin       ||    11
Dodge: Dodged            ||    66

Table legend: (Time is in decaauts)
 A = Elapsed time spent in this place.
 B = Non-inter-level travel time spent in this place.
 C = Inter-level travel time spent in this place.
 D = Time resting spent in this place.
 E = Time spent auto-exploring this place.
 F = Levels seen in this place.
 G = Mean time per level.
                   A        B        C        D        E       F      G
               +--------+--------+--------+--------+--------+-----+--------+
         Total |   1105 |   1105 |      0 |      0 |    967 |   2 |  552.5 |
       Dungeon |   1105 |   1105 |      0 |      0 |    967 |   2 |  552.5 |
               +--------+--------+--------+--------+--------+-----+--------+

Top non-repeatable levels by time:
     D:1: 1090 daAuts
     D:2: 15 daAuts
